Map: Reclamation LE

Players

MattBarry

  • Race: Zerg Zerg
  • Spawn Location: 12:00

MattBarry

  • Race: Terran Terran
  • Spawn Location: 11:00

leetcode - Winner!

  • Race: Terran Terran
  • Spawn Location: 5:00

Ethereal - Winner!

  • Race: Terran Terran
  • Spawn Location: 6:00

VOD

Have the link to the VOD?

Description

Time

  • Played on: Dec. 25, 2022, 4:14 a.m.
  • Length: 20:02
Show
View Real Time Build Order
Export as new Build Order

MattBarry Zerg 

Build Orders: Hatch First 

Get SALT Encoding   

  12  0:00  Drone  
  13  0:12  Overlord  
  13  0:18  Drone  
  14  0:31  Drone  
  14  0:32  Drone  
  16  0:56  Hatchery  
  15  1:15  Overlord  
  15  1:16  Drone  
  16  1:23  Spawning Pool  
  15  1:28  Extractor  
  15  1:29  Drone x2  
  16  2:00  Drone  
  18  2:01  Drone x2  
  19  2:18  Drone  
  19  2:19  Drone  
  21  2:25  Drone x2  
  23  2:34  Overlord  
  23  2:41  Roach Warren  
  21  2:44  Queen  
  21  2:46  Queen  
  24  2:57  Zergling x6  
  27  3:02  Drone x2, Extractor  
  28  3:48  Evolution Chamber  
  27  3:52  Spore Crawler  
  25  4:01  Spore Crawler  
  23  4:06  Spine Crawler  
  22  4:20  Lair  
  22  4:21  Metabolic Boost  
  22  4:32  Zerg Ground Armor Level 1  
  22  4:34  Drone  
  22  4:35  Drone x3  
  22  4:36  Drone  
  22  4:37  Drone x2  
  29  4:44  Hatchery  
  28  4:48  Queen  
  30  5:00  Roach x3  
  36  5:34  Roach x2  
  40  5:37  Glial Reconstitution  
  40  5:39  Evolution Chamber  
  35  6:06  Burrow  
  35  6:15  Drone x3  
  35  6:16  Drone x3, Overlord  
  35  6:18  Overlord  
  41  6:19  Drone x6  
  42  6:36  Roach  
  42  6:37  Roach  
  42  6:55  Drone  
  42  6:56  Drone x3  
  44  7:11  Zerg Missile Weapons Level 1  
  44  7:19  Queen  
  46  7:23  Queen  
  48  7:36  Roach x2  
  48  7:37  Roach x3  
  58  8:15  Drone  
  58  8:16  Drone x4, Overlord x2  
  63  8:49  Infestation Pit  
  62  9:01  Hydralisk Den  
  61  9:06  Zerg Missile Weapons Level 2  
  61  9:13  Drone x3, Overlord  
  61  9:14  Overlord  
  61  9:16  Overlord  
  64  9:17  Roach  
  64  9:19  Roach x5  
  64  9:20  Roach x3  
  74  9:47  Spine Crawler  
  73  9:55  Spore Crawler  
  65  10:21  Queen  
  65  10:30  Roach x2, Spine Crawler, Overlord  
  65  10:31  Roach x5  
  65  10:32  Roach x3  
  78  10:50  Grooved Spines  
  78  10:55  Hatchery  
  77  11:01  Drone  
  77  11:02  Drone x12  
  90  11:27  Hatchery  
  89  11:37  Hive  
  89  12:00  Hydralisk  
  89  12:01  Hydralisk, Overlord  
  91  12:07  Queen  
  95  12:32  Hydralisk x3  
  101  12:41  Extractor  
  98  12:45  Extractor  
  97  13:14  Tunneling Claws  
  97  13:15  Muscular Augments  
  97  13:19  Hydralisk  
  97  13:21  Overlord  
  99  13:44  Hydralisk x4  
  99  13:46  Hydralisk  
  109  13:51  Hydralisk  
  111  14:04  Drone  
  111  14:07  Drone  
  111  14:09  Hydralisk x2  
  115  14:10  Hydralisk x2, Overlord  
  115  14:11  Overlord x2  
  115  14:12  Overlord  
  121  14:28  Zergling x2  
  121  14:29  Zergling x6  
  121  14:30  Zergling x22  
  121  14:31  Zergling x2  
  137  14:32  Zergling x4  
  139  14:53  Hydralisk x4  
  139  14:54  Hydralisk x2  
  140  16:00  Extractor  
  140  16:01  Extractor  
  140  16:04  Zerg Missile Weapons Level 3, Zerg Ground Armor Level 2  
  135  16:51  Ravager  
  135  16:52  Ravager x7  
  133  17:08  Ravager  
  44  17:30  Zergling x22  
  44  17:31  Zergling x38  
  44  17:34  Queen  
  76  17:40  Spire  
  72  17:54  Adrenal Glands  
  43  18:11  Overlord  
  43  18:12  Drone x7  
  49  18:13  Drone x2  
  49  18:21  Hatchery  
  46  18:34  Hydralisk x3  
  46  18:35  Hydralisk  
  46  18:41  Swarm Host  
  57  18:57  Zergling x2  
  57  18:58  Zergling x10  
  63  19:17  Zergling x2  
  63  19:18  Zergling x12  
  55  19:36  Mutalisk x2  
Show
View Real Time Build Order
Export as new Build Order

MattBarry Terran 

Build Orders:  

Get SALT Encoding   

  12  0:00  SCV  
  13  0:12  SCV  
  14  0:17  Supply Depot  
  14  0:24  SCV  
  15  0:39  SCV  
  15  0:40  Barracks  
  16  0:50  Refinery  
  16  0:51  SCV  
  17  1:03  SCV  
  18  1:15  SCV  
  19  1:27  Marine  
  19  1:29  Supply Depot, Orbital Command  
  20  1:45  Marine  
  21  1:55  SCV  
  21  1:57  Command Center  
  22  2:04  Barracks Tech Lab  
  22  2:10  Barracks, SCV  
  23  2:22  SCV  
  24  2:25  Marauder  
  24  2:28  Stimpack  
  23  2:44  SCV  
  23  3:04  Marine  
  23  3:05  Marauder  
  19  3:30  SCV  
  14  3:42  SCV  
  14  3:54  SCV  
  15  4:06  SCV  
  15  4:09  Barracks Reactor  
  16  4:15  Factory  
  16  4:18  Marine, SCV  
  18  4:30  SCV  
  19  4:36  Marine  
  20  4:43  SCV  
  21  4:48  Marine x2  
  22  4:55  Marauder  
  24  5:01  Bunker  
  24  5:03  Orbital Command  
  24  5:09  Marine x2  
  24  5:12  SCV  
  27  5:17  Marauder  
  29  5:23  Widow Mine  
  29  5:24  SCV  
  29  5:28  Marine x2  
  32  5:32  SCV  
  32  5:35  Supply Depot  
  35  5:36  SCV  
  35  5:38  Marauder  
  38  5:44  SCV  
  38  5:49  Marine x2, SCV  
  42  5:56  SCV  
  43  6:04  Factory Reactor  
  43  6:05  Starport  
  43  6:07  SCV, Refinery  
  43  6:08  SCV  
  45  6:19  SCV  
  45  6:20  SCV  
  47  6:29  Marine x2  
  47  6:30  Marauder  
  47  6:31  SCV  
  45  6:56  SCV x2  
  47  7:07  Marine x2  
  47  7:08  SCV x2, Marauder  
  53  7:13  Supply Depot x2  
  53  7:20  SCV  
  54  7:24  Engineering Bay  
  54  7:27  Supply Depot  
  54  7:34  Marine x2, Medivac x2  
  54  7:35  SCV x2  
  62  7:47  SCV x2  
  64  7:59  SCV  
  64  8:04  Medivac x2  
  64  8:05  SCV  
  70  8:11  SCV  
  71  8:17  SCV  
  72  8:23  Supply Depot, SCV  
  72  8:24  Supply Depot, Marine x2  
  72  8:25  Marauder  
  77  8:27  Terran Infantry Weapons Level 1  
  77  8:43  SCV  
  77  8:45  Widow Mine, SCV  
  81  8:49  Supply Depot  
  81  8:50  Supply Depot, Marine x2  
  81  8:51  Marauder  
  81  8:55  SCV  
  86  8:57  SCV, Medivac  
  89  9:06  Widow Mine  
  91  9:10  Combat Shield  
  91  9:14  Refinery  
  91  9:16  Refinery  
  91  9:18  SCV x2  
  93  9:26  Command Center  
  93  9:30  SCV x2  
  95  9:38  Supply Depot  
  95  9:40  Supply Depot  
  95  9:42  SCV x2  
  97  9:54  SCV  
  83  10:07  Marine x2  
  83  10:08  SCV, Marauder  
  83  10:09  SCV  
  87  10:19  Barracks x2  
  87  10:20  Barracks  
  80  10:28  Marine x2  
  80  10:29  Marauder  
  84  10:39  SCV x2  
  86  10:51  Marine, SCV x2  
  86  10:52  Marine, Marauder  
  92  11:04  Concussive Shells  
  92  11:06  Terran Infantry Armor Level 1  
  92  11:14  Marine x2, Marauder  
  92  11:15  Barracks Tech Lab x3  
  96  11:35  Orbital Command, Marauder  
  96  11:38  SCV x2  
  100  11:44  Marine x2  
  100  11:45  Marauder x2  
  100  11:46  Marauder  
  108  11:47  Widow Mine  
  108  11:48  Medivac x2  
  108  11:50  SCV x2  
  108  11:53  Supply Depot  
  116  11:55  Supply Depot  
  116  12:02  SCV x2  
  116  12:05  Refinery  
  116  12:07  Marauder x2, Refinery  
  116  12:08  Marine x2, Marauder x2  
  126  12:10  Command Center  
  126  12:14  SCV  
  126  12:15  SCV  
  89  12:38  Marine x2  
  89  12:39  Marauder x4  
  99  12:55  Marine  
  99  12:56  Marine  
  101  12:59  Marine x2  
  101  13:00  Marine x2  
  101  13:04  Medivac  
  101  13:05  Medivac  
  109  13:08  Armory  
  109  13:14  Starport  
  109  13:18  Marine x5  
  109  13:19  Marine  
  113  13:29  Missile Turret  
  113  13:31  Missile Turret  
  113  13:32  SCV x3  
  116  13:34  Orbital Command, Viking  
  116  13:35  Viking  
  116  13:38  Command Center  
  116  13:41  Widow Mine, Marine  
  122  13:42  Marine  
  122  13:43  Marine  
  122  13:44  SCV x3  
  122  13:45  Marine x2  
  122  13:47  Marine  
  131  14:04  Viking  
  131  14:05  Viking  
  131  14:09  Marine x5  
  140  14:10  Marine  
  135  14:37  Marine x2  
  135  14:38  Marine x2  
  128  14:39  Marauder x2  
  103  14:48  Starport Reactor  
  103  14:50  Medivac x2  
  107  14:55  Marine x2  
  107  14:56  Marauder x2  
  113  15:00  Planetary Fortress, Marauder x2  
  113  15:05  Command Center  
  117  15:13  Marine x2  
  119  15:14  Orbital Command  
  119  15:17  Marauder  
  119  15:18  Marauder  
  119  15:20  Medivac x2  
  127  15:21  Marauder  
  127  15:22  Marauder  
  127  15:28  Terran Infantry Weapons Level 2  
  131  15:31  Marine x2, Viking x2  
  137  15:39  Marauder x2  
  141  15:43  Marauder x2  
  145  16:01  Marine, Marauder x2  
  145  16:02  Marine  
  151  16:04  Marauder x2  
  155  16:13  Barracks  
  155  16:14  Barracks  
  155  16:15  Barracks  
  155  16:17  Unknown  
  155  16:21  Marine x2  
  155  16:22  Marauder x2  
  155  16:23  Viking x4  
  169  16:26  Marauder x2  
  169  16:27  Starport  
  173  16:33  Orbital Command  
  173  16:44  Marine x2, Marauder x2  
  181  16:47  Marauder x2  
  183  17:00  Viking x2  
  183  17:01  Viking x2  
  123  17:27  Marauder x3  
  123  17:28  Barracks Reactor, Marauder  
  123  17:29  Barracks Tech Lab x2, Marine  
  113  17:30  Marine  
  92  17:56  Marauder x4  
  92  17:57  Marauder x2  
  93  18:12  Viking x4  
  91  18:14  Marine x4  
  91  18:17  Marauder x3  
  91  18:18  Marauder x2  
  101  18:23  Marauder  
  101  18:31  Marine  
  101  18:32  Marine x3  
  105  18:39  Marauder x4  
  105  18:40  Marauder  
  115  18:42  Viking x4  
  115  18:45  Marauder  
  95  19:25  Marine x4  
  95  19:26  Marine x2  
  95  19:28  Viking x4  
Show
View Real Time Build Order
Export as new Build Order

leetcode Terran - Winner!

Build Orders:  

Get SALT Encoding   

  12  0:05  SCV  
  13  0:17  SCV  
  14  0:23  Supply Depot  
  14  0:29  SCV, Refinery  
  15  0:44  SCV  
  16  1:00  Barracks  
  16  1:02  Barracks  
  16  1:06  SCV  
  17  1:18  SCV  
  18  1:30  SCV  
  19  1:49  Orbital Command, Reaper  
  19  1:50  Reaper  
  21  1:54  Supply Depot  
  21  2:17  Supply Depot  
  21  2:20  Refinery  
  21  2:22  Reaper x2  
  23  2:54  Reaper  
  24  3:17  Reaper  
  24  3:31  Reaper  
  24  3:33  SCV  
  25  3:45  SCV  
  26  3:49  Reaper  
  26  3:57  SCV  
  25  4:03  Reaper  
  25  4:09  SCV  
  27  4:11  Command Center  
  27  4:14  Command Center  
  27  4:21  Reaper, SCV  
  29  4:24  Command Center  
  29  4:27  Factory  
  29  4:35  Reaper  
  30  4:50  Supply Depot  
  30  4:53  Reaper  
  31  5:02  Supply Depot  
  31  5:07  Reaper  
  31  5:11  Starport  
  31  5:13  Supply Depot  
  32  5:15  SCV  
  32  5:17  Starport  
  33  5:27  Orbital Command  
  33  5:36  Orbital Command  
  33  5:44  Orbital Command  
  33  5:47  Starport Tech Lab  
  33  5:55  Starport Tech Lab  
  33  5:58  Fusion Core  
  33  6:01  SCV x2  
  33  6:03  SCV  
  36  6:13  SCV  
  33  7:10  SCV x3  
  33  7:11  SCV  
  33  7:13  Raven x2, Refinery x2  
  37  7:22  SCV x2  
  38  7:23  SCV x2  
  38  7:25  Command Center  
  38  7:29  Command Center  
  41  7:34  SCV  
  41  7:35  SCV x2, Corvid Reactor  
  44  7:55  Armory  
  44  7:58  Supply Depot  
  44  8:00  SCV x3  
  44  8:02  SCV  
  48  8:12  SCV  
  51  8:20  Supply Depot  
  51  8:26  Raven  
  51  8:36  Command Center  
  51  8:37  Command Center  
  51  8:39  Command Center  
  51  8:46  Orbital Command  
  51  8:48  Refinery  
  51  8:49  Command Center  
  51  8:50  Orbital Command  
  51  8:52  Refinery  
  55  9:11  Refinery  
  55  9:15  Raven x2  
  55  9:36  SCV x2  
  55  9:37  SCV x4  
  61  9:43  Refinery  
  61  9:48  SCV x2  
  67  9:57  Raven  
  67  9:58  Raven  
  67  10:08  Terran Vehicle Weapons Level 1  
  67  10:10  Armory  
  67  10:15  SCV x2  
  67  10:16  SCV  
  70  10:24  Orbital Command  
  70  10:26  Orbital Command  
  70  10:27  Orbital Command x2  
  70  10:31  SCV  
  70  10:33  SCV x3  
  76  10:38  Factory Tech Lab  
  76  10:40  Raven  
  76  10:43  SCV  
  76  10:48  Banshee  
  80  11:14  Banshee  
  83  11:31  Banshee  
  86  11:33  Terran Ship Weapons Level 1  
  86  11:36  Armory  
  86  11:43  Widow Mine, Drilling Claws  
  88  11:51  Factory  
  88  11:52  Factory  
  88  11:54  Factory  
  88  11:57  Banshee  
  88  11:58  Cloaking Field  
  88  12:00  Hyperflight Rotors  
  91  12:04  Widow Mine  
  93  12:11  Starport  
  93  12:14  Starport, Banshee  
  96  12:26  Widow Mine  
  98  12:49  Factory Tech Lab x3  
  98  12:52  Starport  
  98  12:54  Starport  
  98  12:58  Terran Vehicle Weapons Level 2  
  98  12:59  Terran Vehicle And Ship Armor Level 1  
  98  13:10  Starport Tech Lab  
  98  13:16  Starport Tech Lab  
  98  13:29  Siege Tank x3  
  98  13:31  Factory  
  98  13:34  Factory  
  107  13:38  Engineering Bay  
  107  13:58  Command Center  
  107  14:00  Command Center  
  107  14:01  Siege Tank  
  107  14:02  Command Center  
  110  14:03  Command Center x2  
  110  14:04  Command Center  
  110  14:07  Command Center  
  110  14:10  Command Center  
  110  14:16  Sensor Tower  
  92  14:43  SCV  
  93  14:55  Starport Tech Lab, SCV  
  93  14:56  Starport Tech Lab  
  94  15:07  SCV  
  94  15:08  Factory Tech Lab  
  94  15:10  Factory Tech Lab  
  94  15:11  Widow Mine x3  
  101  15:17  Orbital Command x2  
  101  15:18  Orbital Command  
  101  15:19  SCV  
  102  15:21  Orbital Command  
  102  15:22  Orbital Command x2  
  102  15:28  Orbital Command  
  102  15:32  Refinery  
  102  15:33  Widow Mine x3  
  112  15:35  Widow Mine  
  112  15:42  Sensor Tower  
  110  15:57  Siege Tank x4  
  110  15:58  Siege Tank  
  125  16:10  SCV  
  126  16:12  SCV  
  127  16:22  SCV  
  127  16:25  Command Center  
  128  16:29  Siege Tank  
  131  16:34  SCV  
  132  16:40  Siege Tank  
  132  16:41  Command Center, Siege Tank x3  
  142  17:01  Siege Tank  
  145  17:12  Siege Tank  
  145  17:13  Siege Tank x3  
  155  17:33  Siege Tank  
  158  17:45  Siege Tank x4  
  170  18:18  Orbital Command  
  170  18:57  Orbital Command  
  170  19:23  Refinery  
Show
View Real Time Build Order
Export as new Build Order

Ethereal Terran - Winner!

Build Orders: 2 Factory, Hellion Opening 

Get SALT Encoding   

  12  0:02  SCV  
  13  0:15  SCV  
  14  0:27  SCV  
  15  0:29  Supply Depot  
  15  0:50  SCV  
  16  0:58  Refinery  
  16  0:59  Barracks, Refinery  
  16  1:03  SCV  
  17  1:16  SCV  
  18  1:28  SCV  
  19  1:40  SCV  
  20  1:52  SCV  
  21  2:04  SCV  
  22  2:10  Factory  
  22  2:32  SCV  
  22  2:33  Barracks Tech Lab  
  23  2:39  Factory  
  23  2:46  Supply Depot  
  23  2:47  Supply Depot, Orbital Command  
  23  3:03  Barracks Reactor  
  23  3:06  Infernal Pre-Igniter  
  23  3:08  Hellion  
  25  3:13  SCV  
  25  3:16  Supply Depot  
  26  3:21  Supply Depot  
  26  3:24  Hellion  
  26  3:25  SCV  
  29  3:29  Hellion  
  31  3:50  Hellion  
  33  3:58  Hellion x2  
  33  3:59  SCV  
  38  4:03  Supply Depot  
  38  4:05  Supply Depot  
  38  4:06  Supply Depot  
  38  4:13  Hellion  
  40  4:19  Hellion x2  
  40  4:21  Barracks Reactor  
  44  4:35  Hellion  
  47  4:38  SCV  
  47  4:40  Hellion  
  47  4:41  Hellion  
  51  5:02  Hellion  
  51  5:06  Command Center  
  55  5:07  Barracks Tech Lab, Hellion x2  
  55  5:11  Hellion  
  59  5:23  Hellion  
  63  5:28  Hellion  
  63  5:29  Hellion  
  65  5:44  Hellion  
  65  5:45  Hellion  
  67  6:11  SCV  
  67  6:15  Refinery  
  67  6:17  Refinery  
  68  6:19  Supply Depot  
  68  6:20  Supply Depot  
  68  6:23  SCV  
  69  6:29  Cyclone x2  
  69  6:30  Mag-Field Accelerator  
  53  7:01  Cyclone x2  
  53  7:07  Barracks  
  55  7:09  SCV x2  
  57  7:21  SCV x2  
  59  7:33  Cyclone x2, SCV x2  
  67  7:45  SCV x2  
  69  8:05  Cyclone  
  69  8:23  Cyclone  
  69  8:25  SCV  
  73  8:27  Orbital Command  
  73  8:37  Cyclone, SCV  
  77  8:49  SCV, Command Center  
  77  8:51  Refinery  
  77  8:53  Supply Depot  
  77  8:54  Supply Depot  
  78  8:57  Armory, Refinery  
  78  8:58  Siege Tank  
  78  8:59  Armory  
  78  9:00  Armory  
  78  9:01  SCV  
  82  9:03  SCV  
  82  9:09  Siege Tank  
  86  9:13  SCV  
  86  9:15  SCV  
  88  9:25  SCV  
  88  9:27  SCV  
  88  9:29  Starport x2  
  90  9:35  Supply Depot  
  90  9:36  Supply Depot  
  90  9:37  SCV  
  59  10:38  Cyclone x2  
  59  10:41  SCV x2  
  59  10:42  SCV  
  56  10:55  SCV x2  
  56  10:56  SCV  
  59  11:07  SCV x2  
  59  11:08  SCV  
  59  11:10  Liberator, Siege Tank x2  
  59  11:11  Liberator x3  
  80  11:19  SCV  
  80  11:20  SCV  
  82  11:32  Factory  
  82  11:34  Factory  
  82  11:38  Orbital Command, SCV x2  
  84  11:40  Barracks Tech Lab  
  84  11:42  Siege Tank x2  
  90  11:50  SCV x2  
  92  11:59  Command Center  
  92  12:02  SCV x2  
  92  12:03  Refinery  
  94  12:13  Liberator x3  
  94  12:14  Liberator, SCV x2  
  108  12:18  SCV  
  103  12:26  SCV x2, Refinery  
  99  12:30  SCV  
  100  12:38  SCV x2  
  100  12:42  SCV  
  103  12:50  SCV x2  
  105  12:54  SCV  
  105  12:56  Liberator x4  
  118  13:02  SCV  
  118  13:03  SCV  
  120  13:07  SCV  
  121  13:15  SCV x2  
  121  13:19  SCV  
  122  13:27  SCV x2  
  122  13:31  SCV  
  124  13:36  Siege Tank x2  
  124  13:37  Factory Tech Lab  
  124  13:39  Liberator x4, SCV x2  
  144  13:43  SCV  
  146  13:51  SCV x2  
  146  13:55  SCV  
  148  13:59  Engineering Bay  
  148  14:03  SCV x2  
  148  14:07  SCV  
  148  14:08  Siege Tank x2  
  157  14:10  SCV  
  157  14:15  SCV x2  
  157  14:16  Siege Tank x2  
  166  14:19  SCV  
  166  14:22  SCV  
  168  14:27  SCV x2  
  170  14:31  SCV  
  170  14:34  SCV  
  172  15:03  Planetary Fortress  
  172  15:08  Missile Turret  
  172  15:13  Missile Turret  
  172  15:14  Missile Turret  
  172  15:15  Command Center  
  172  15:23  Terran Ship Weapons Level 1, Terran Vehicle And Ship Armor Level 1  
  172  15:24  Terran Vehicle Weapons Level 1  
  172  15:30  SCV x3  
  172  15:31  Missile Turret, Siege Tank  
  172  15:32  Siege Tank x2  
  172  15:34  Unknown, Siege Tank  
  169  15:42  SCV x2  
  165  15:43  SCV  
  165  15:48  SCV  
  167  15:54  SCV x2  
  167  15:55  SCV  
  170  16:00  SCV  
  171  16:06  SCV  
  171  16:07  Missile Turret  
  172  16:11  Missile Turret  
  172  16:12  Missile Turret x2  
  172  16:20  Supply Depot  
  172  16:27  Supply Depot, SCV x3, Siege Tank x4  
  172  16:28  Supply Depot  
  172  16:29  Supply Depot x2  
  187  16:33  Planetary Fortress  
  187  16:41  Missile Turret  
  187  16:42  Missile Turret x2, SCV x4  
  191  16:54  SCV x3  
  191  16:59  Siege Tank x2  
  200  17:02  Missile Turret  
  200  17:04  Missile Turret  
  200  17:06  Smart Servos  
  173  17:31  Siege Tank  
  176  17:48  Liberator  
  176  17:49  Liberator x3  
  179  18:00  Hellion x3  
  170  18:25  Drilling Claws  
  170  18:27  Hellion x4  
  172  18:31  Liberator  
  172  18:32  Liberator x3  
  190  18:48  Hellion  
  192  18:49  Hellion x3  
  195  19:14  Liberator  
  198  19:33  Hellion  
Tags
 
Add a new tag
Caveats
  • Supply blocks, unpowered buildings, or Contaminate may cause inaccurate times.
  • Supply counts are checked every 10 seconds.